 Dungeon Crawl Stone Soup version 0.30-a0-1112-gfb780f5df6 (webtiles) character file.

Game seed: 9883150668831989988

63 demibob the Cutter (level 3, -5/43 HPs)
             Began as a Demonspawn Wanderer on Apr 20, 2023.
             Slain by a gnoll
             ... wielding a +0 spear
              (7 damage)
             ... on level 2 of the Dungeon.
             The game lasted 00:01:10 (897 turns).

demibob the Cutter (Demonspawn Wanderer)             Turns: 897, Time: 00:01:11

Health: -5/43      AC:  3    Str: 12    XL:     3   Next: 87%
Magic:  7/7        EV: 11    Int: 10    God:
Gold:   27         SH:  0    Dex: 17    Spells: 8/8 levels left

rFire   . . .      SeeInvis .    a - +1 rapier
rCold   . . .      Faith    .    (no shield)
rNeg    . . .      Spirit   .    c - +0 robe
rPois   .          Reflect  .    (no helmet)
rElec   .          Rampage  .    (no cloak)
rCorr   .                        (no gloves)
Will    .....                    f - +0 pair of boots {Fly} Stlth
                                 (no amulet)
HPRegen 0.27/turn                (no ring)
MPRegen 0.10/turn                (no ring)

@: berserking, flying, very quick
A: powered by pain 1, weakness stinger 1
a: no special abilities


You were on level 2 of the Dungeon.
You visited 1 branch of the dungeon, and saw 2 of its levels.

You collected 27 gold pieces.


Innate Abilities, Weirdness & Mutations

You sometimes gain a little power by taking damage.
You have a small tail.


   Skills:
 - Level 3.0 Fighting
 + Level 3.9 Short Blades
 - Level 1.0 Stealth
 - Level 3.0 Spellcasting
 - Level 1.0 Translocations


You had 8 spell levels left.
You didn't know any spells.
Your spell library contained the following spells:

 Spells                   Type           Power      Damage    Failure   Level
 Lesser Beckoning         Tloc           6%         N/A       28%         2
 Momentum Strike          Conj/Tloc      4%         3d8       34%         2

Inventory:

Hand Weapons
 a - a +1 rapier (weapon)
Armour
 c - a +0 robe (worn)
 f - a +0 pair of boots of flying (worn)
 g - a +0 pair of gloves
 h - a +0 pair of gloves
Scrolls
 d - a scroll of teleportation {@r2}
Potions
 e - 2 potions of curing {@q1}
 i - a potion of invisibility {unknown}
 j - a potion of degeneration {unknown}

Dungeon Overview and Level Annotations

Branches:
Dungeon (2/15)

Altars:

.# ## ###.# #. ..#.#
#. #.#.# #. #.#.#
#.#####.#.######
#####.#.............
#...g)@)..#†...####
#.###g#...#.....#
#.#####....##
#.......#.## #.
...######.# # #.#
##.# #.# # #.####.#
##'## # #....#.#
##...## # #.##.#.#
##.....## #


You could see 2 gnolls.


Message History

You barely miss the gnoll. You tail-slap the gnoll.
The gnoll is almost dead.
The gnoll hits you from afar with a +0 spear.
* * * LOW HITPOINT WARNING * * *
You puncture the gnoll!
You kill the gnoll!
The gnoll hits you but does no damage. The gnoll closely misses you.
You puncture the gnoll!
The gnoll is heavily wounded.
The gnoll hits you from afar with a +0 spear!
* * * LOW HITPOINT WARNING * * *
The gnoll misses you. The gnoll hits you with a +0 spear.
* * * LOW HITPOINT WARNING * * *
You hit the gnoll.
The gnoll is almost dead.
The gnoll barely misses you.
The gnoll hits you from afar with a +0 spear.
* * * LOW HITPOINT WARNING * * *
The gnoll hits you with a +0 spear.
* * * LOW HITPOINT WARNING * * *
You are too berserk!
You puncture the gnoll!
You kill the gnoll!
You puncture the gnoll!
The gnoll is almost dead.
The gnoll misses you. The gnoll closely misses you.
You closely miss the gnoll.
The gnoll is almost dead.
The gnoll hits you from afar with a +0 spear!
You die...

Skill      XL: |  1  2 |
---------------+-------+-----
Short Blades   | 2 3 |  3.9
Fighting       | |  3.0
Stealth        | |  1.0
Spellcasting   | |  3.0
Translocations | |  1.0

Action                     || total
---------------------------++-------
  Melee: Rapier            ||    69
         Tailslap          ||     9
    Use: Scroll            ||     2
         Potion            ||     1
   Stab: Sleeping          ||     5
         Distracted        ||     1
 Armour: Robe              ||    17
  Dodge: Dodged            ||    60

Levels and vault maps discovered:
D:1:      dpeg_arrival_pits, layout_basic
D:2:      layout_loops_corners, amcnicky_mini_rare_corridor_liquid

Notes
Turn   | Place    | Note
-------+----------+-------------------------------------------
     0 | D:1      | demibob the Demonspawn Wanderer began the quest for the
                  | Orb.
     0 | D:1      | demibob set off with the following items: a +1 rapier, a
                  | potion of berserk rage {!q}, a +0 robe; and the following
                  | spells available to memorise: Lesser Beckoning, Momentum
                  | Strike.
     0 | D:1      | Reached XP level 1. HP: 18/18 MP: 4/4
    40 | D:1      | Reached skill level 2 in Short Blades
    91 | D:1      | Gained mutation: You have a small tail. [demonic ancestry]
    91 | D:1      | Reached XP level 2. HP: 14/24 MP: 6/6
   319 | D:1      | Reached skill level 3 in Short Blades
   354 | D:1      | Gained mutation: You sometimes gain a little power by
                  | taking damage. [demonic ancestry]
   354 | D:1      | Reached XP level 3. HP: 29/29 MP: 7/7
   894 | D:2      | HP: 3/43 [gnoll/+0 spear (3)]
   897 | D:2      | Slain by a gnoll

Vanquished Creatures
  2 gnolls (D:2)
  3 dart slugs
  5 endoplasms
  A giant cockroach (D:1)
  2 goblins
  3 hobgoblins
  4 jackals (D:1)
  2 kobolds (D:1)
  A quokka (D:2)
  4 ball pythons (D:1)
  A bat (D:1)
  2 frilled lizards
  4 rats
34 creatures vanquished.

Table legend: (Time is in decaauts)
 A = Elapsed time spent in this place.
 B = Non-inter-level travel time spent in this place.
 C = Inter-level travel time spent in this place.
 D = Time resting spent in this place.
 E = Time spent auto-exploring this place.
 F = Levels seen in this place.
 G = Mean time per level.
                   A        B        C        D        E       F      G
               +--------+--------+--------+--------+--------+-----+--------+
         Total |    897 |    882 |     15 |      2 |    691 |   2 |  448.5 |
       Dungeon |    897 |    882 |     15 |      2 |    691 |   2 |  448.5 |
               +--------+--------+--------+--------+--------+-----+--------+

Top non-repeatable levels by time:
     D:1: 671 daAuts
     D:2: 226 daAuts

Table legend:
 A = Non-vault XP
 B = Vault XP
 C = Vault XP percentage of total XP
 D = Non-vault monster count
 E = Vault monster count
 F = Vault count percentage of total count
                 A         B        C        D         E       F
            +---------+---------+-------+---------+---------+-------
      Total |      90 |       0 |   0.0 |      34 |       0 |   0.0
            +---------+---------+-------+---------+---------+-------
        D:1 |      45 |       0 |   0.0 |      23 |       0 |   0.0
        D:2 |      45 |       0 |   0.0 |      11 |       0 |   0.0
            +---------+---------+-------+---------+---------+-------
